 Dungeon Crawl Stone Soup version 0.19.1-1-g22dce08 (webtiles) character file.

23132 dngmouse the Warrior (level 12, -6/125 HPs)
             Began as a Minotaur Fighter on Jan 13, 2017.
             Was a High Priest of Makhleb.
             Mangled by a hell hog (11 damage)
             ... on level 1 of the Abyss.
             The game lasted 01:13:30 (13894 turns).

dngmouse the Warrior (Minotaur Fighter)            Turns: 13894, Time: 01:13:31

Health: -6/125     AC: 20    Str: 28    XL:     12   Next: 69%
Magic:  14/14      EV:  8    Int:  5    God:    Makhleb [*****.]
Gold:   1106       SH:  0    Dex: 10    Spells: 0 memorised, 11 levels left

rFire  . . .     SeeInvis .     w - +1 battleaxe (elec)
rCold  . . .     Gourm    .     x - +0 plate armour
rNeg   . . .     Faith    .     (shield currently unavailable)
rPois  .         Spirit   .     q - +2 hat
rElec  .         Reflect  .     h - +0 cloak
rCorr  .         Harm     .     (no gloves)
MR     +....                    p - +0 pair of boots
Stlth  ..........               (no amulet)
                                s - ring of protection from magic
                                D - +2 ring of strength

@: about to teleport
A: retaliatory headbutt, horns 2, blink
a: Blink, Minor Destruction, Lesser Servant of Makhleb, Major Destruction,
Greater Servant of Makhleb, Renounce Religion


You were on level 1 of the Abyss.
You worshipped Makhleb.
Makhleb was extremely pleased with you.
You were not hungry.

You visited 3 branches of the dungeon, and saw 15 of its levels.
You visited the Abyss 1 time.

You collected 1344 gold pieces.
You spent 238 gold pieces at shops.

Inventory:

Hand Weapons
 w - a +1 battleaxe of electrocution (weapon)
 E - a +1 war axe of flaming
 O - a +2 mace of protection
 Y - a +2 flail of draining
Missiles
 a - 6 tomahawks of returning
 C - a throwing net
 F - 17 tomahawks (quivered)
 G - 7 tomahawks of dispersal
 Q - 2 exploding tomahawks
Armour
 h - a +0 cloak (worn)
 p - a +0 pair of boots (worn)
 q - a +2 hat (worn)
 x - a +0 plate armour (worn)
Jewellery
 k - an uncursed ring of resist corrosion
 s - a ring of protection from magic (right hand)
 D - a +2 ring of strength (left hand)
 X - an uncursed ring of protection from cold
Wands
 b - a wand of slowing (2/48)
 n - a wand of lightning (5/15)
 M - a wand of flame (28/48)
 R - a wand of flame (35/48)
 T - a wand of slowing (24/48)
 Z - a wand of iceblast (4/15)
Scrolls
 e - 12 scrolls of identify
 l - 4 scrolls of enchant weapon {unknown}
 o - a scroll of immolation {unknown}
 r - a scroll of magic mapping {unknown}
 v - 5 scrolls of remove curse
 y - 3 scrolls of fog {unknown}
 A - a scroll of noise {unknown}
 B - 2 scrolls of brand weapon {unknown}
 H - 4 scrolls of recharging
 K - a scroll of fear {unknown}
 N - a scroll of holy word {unknown}
 P - a scroll of blinking {unknown}
 U - a scroll of random uselessness {unknown}
 W - a scroll of enchant armour
Potions
 d - a potion of might
 i - a potion of magic
 j - a potion of heal wounds
 z - 3 potions of brilliance
 I - 3 potions of curing
 S - 2 potions of mutation
Miscellaneous
 V - a box of beasts
Comestibles
 f - 6 bread rations
 g - 3 fruits
 t - 6 meat rations
 u - 11 slices of pizza
 J - 4 beef jerkies


   Skills:
 * Level 17.3 Fighting
 + Level 12.7 Axes
 + Level 11.2 Armour
   Level 3.6 Shields
 - Level 5.1 Evocations


You had 11 spell levels left.
You didn't know any spells.

Dungeon Overview and Level Annotations

Branches:
Dungeon (12/15)            Temple (1/1) D:5            Lair (0/6) D:10
    Orc (2/2) D:12            Elf (0/3) Orc:2

Altars:
Cheibriados
Dithmenos
Elyvilon
Hepliaklqana
Kikubaaqudgha
Makhleb
Nemelex Xobeh
Okawaru
Qazlal
Ru

Shops:
Orc:2 =[=?

Annotations:
Orc:2 Sonja


Innate Abilities, Weirdness & Mutations

You reflexively headbutt those who attack you in melee.
You have a pair of horns on your head.
You can translocate small distances at will.


Message History

The smoke demon hits you but does no damage.
The smoke demon barely misses you.
The smoke demon hits you but does no damage.
The hell hog barely misses you.
You slash the smoke demon!
The smoke demon is almost dead.
You hit the hell hog. The smoke demon gestures at you. Something smites you!
The hell hog breathes fire at you.
The fireball explodes!
The fireball engulfs you!
* * * LOW HITPOINT WARNING * * *
The fireball engulfs the smoke demon.
The smoke demon resists.
The smoke demon dies!
The fireball engulfs the hell hog.
The hell hog resists.
As you read the scroll of teleportation, it crumbles to dust.
You feel strangely unstable.
You feel the power of the Abyss delaying your translocation!
The hell hog bites you!
You die...

#h.##..# .#
##..#..# ..#
#......#
...# #..##
#..#.. .#
###..'.. .#
###.#######.
#...........
#.#.h.......
###.@.......
#...###'##
#...# .
#...# ....#
.....#
.....#
#......


You could see a hell hog.

Vanquished Creatures
  Fannar (Orc:1)
  A hydra (D:11)
  A centaur warrior (D:10)
  4 orc high priests (Orc:2)
  4 orc knights (Orc:2)
  2 cyclopes (D:12)
  4 orc sorcerers
  An ugly thing (D:12)
  3 kobold demonologists (D:11)
  2 trolls (Orc:2)
  4 hornets
  2 two-headed ogres
  A raiju (Abyss:1)
  6 hippogriffs
  A meliai zombie (D:10)
  A spriggan (D:11)
  5 yaks (D:9)
  3 shadows
  A vampire (Abyss:1)
  3 vampire mosquitoes (D:12)
  2 hungry ghosts
  A warg (Orc:2)
  Menkaure (D:6)
  The ghost of dscm the Skirmisher, an amateur GrFi (D:4)
  2 hell hounds (D:10)
  2 small abominations (Abyss:1)
  4 phantoms
  3 sky beasts
  15 orc warriors
  2 ice beasts
  A necrophage (D:8)
  An eye of draining (D:10)
  7 ogres
  4 centaurs
  5 big kobolds
  8 bullfrogs
  A wyvern skeleton (D:8)
  3 scorpions
  2 troll zombies (D:12)
  15 killer bees
  2 howler monkeys (D:10)
  4 crimson imps
  A quasit (D:6)
  3 centaur skeletons
  9 orc priests
  5 hounds
  7 jellies
  A bullfrog skeleton (D:10)
  3 iguanas
  11 orc wizards
  10 worker ants
  4 ogre zombies (D:12)
  3 hound zombies
  5 hound skeletons
  11 adders
  A howler monkey skeleton (D:9)
  4 shadow imps
  3 adder skeletons
  2 worms (D:2)
  4 dart slugs
  4 leopard geckos
  61 orcs
  6 bats
  3 giant cockroaches
  8 goblins
  7 hobgoblins
  8 jackals
  9 quokkas
  A ball python (D:1)
  5 frilled lizards
  2 goblin skeletons (D:12)
  2 goblin zombies (D:12)
  A hobgoblin skeleton (D:12)
  A hobgoblin zombie (D:12)
  A jackal zombie (D:6)
  19 kobolds
  An orc skeleton (D:12)
  12 orc zombies (D:12)
  4 rats (D:2)
378 creatures vanquished.

Vanquished Creatures (others)
  A smoke demon (Abyss:1)
  An orc wizard (Orc:2)
  An orc (Orc:2)
3 creatures vanquished.

Grand Total: 381 creatures vanquished

Notes
Turn   | Place    | Note
-------+----------+-------------------------------------------
     0 | D:1      | dngmouse the Minotaur Fighter began the quest for the Orb.
     0 | D:1      | Reached XP level 1. HP: 19/19 MP: 0/0
   222 | D:1      | Reached skill level 4 in Fighting
   320 | D:1      | Reached XP level 2. HP: 27/27 MP: 1/1
   708 | D:2      | Reached skill level 5 in Fighting
   857 | D:2      | Reached XP level 3. HP: 35/36 MP: 2/2
   877 | D:2      | Found a shadowy altar of Dithmenos.
  1198 | D:2      | Reached XP level 4. HP: 38/42 MP: 3/3
  1583 | D:3      | Found a faded altar of an unknown god.
  1837 | D:3      | Reached skill level 5 in Axes
  1838 | D:3      | Reached XP level 5. HP: 47/48 MP: 4/4
  2383 | D:4      | Found a white marble altar of Elyvilon.
  2468 | D:4      | Noticed dscm's ghost (amateur GrFi)
  2481 | D:4      | Killed dscm's ghost
  2481 | D:4      | Reached XP level 6. HP: 35/56 MP: 5/5
  2635 | D:5      | Entered Level 5 of the Dungeon
  3033 | D:5      | Found a staircase to the Ecumenical Temple.
  3040 | Temple   | Entered the Ecumenical Temple
  3059 | Temple   | Became a worshipper of Makhleb the Destroyer
  3134 | D:5      | Reached XP level 7. HP: 26/61 MP: 6/6
  3632 | D:5      | Reached skill level 10 in Axes
  3801 | D:6      | Gained mutation: You are weak. (Str -2) [potion of mutation]
  3801 | D:6      | Gained mutation: You can translocate small distances at will. [potion of mutation]
  3801 | D:6      | Gained mutation: You occasionally shout uncontrollably at your foes. [potion of mutation]
  3813 | D:6      | Reached XP level 8. HP: 25/68 MP: 7/7
  4165 | D:6      | Noticed Menkaure
  4175 | D:6      | Killed Menkaure
  4179 | D:6      | Reached * piety under Makhleb
  4640 | D:7      | Reached skill level 6 in Fighting
  4717 | D:7      | Reached skill level 7 in Fighting
  4719 | D:7      | Lost mutation: You occasionally shout uncontrollably at your foes. [potion of cure mutation]
  4719 | D:7      | Lost mutation: You are weak. (Str -2) [potion of cure mutation]
  5080 | D:7      | Noticed a hippogriff
  5091 | D:7      | Killed a hippogriff
  5091 | D:7      | Reached skill level 8 in Fighting
  5091 | D:7      | Reached XP level 9. HP: 60/81 MP: 8/8
  5298 | D:8      | Reached skill level 9 in Fighting
  5431 | D:8      | Reached ** piety under Makhleb
  5431 | D:8      | Reached skill level 10 in Fighting
  5834 | D:9      | Reached skill level 11 in Fighting
  5859 | D:9      | Reached skill level 12 in Fighting
  5933 | D:9      | Reached XP level 10. HP: 86/96 MP: 9/9
  6154 | D:9      | Reached *** piety under Makhleb
  6543 | D:10     | Entered Level 10 of the Dungeon
  6548 | D:10     | Reached skill level 13 in Fighting
  6680 | D:10     | Found a staircase to the Lair.
  7112 | D:10     | Noticed a centaur warrior
  7124 | D:10     | Killed a centaur warrior
  7124 | D:10     | Reached skill level 14 in Fighting
  7470 | D:11     | Noticed a soul eater
  7472 | D:11     | Reached skill level 5 in Armour
  7473 | D:11     | Noticed a soul eater
  7539 | D:11     | Noticed a smoke demon
  7551 | D:11     | Noticed a smoke demon
  7558 | D:11     | Reached XP level 11. HP: 64/110 MP: 10/10
  7720 | D:11     | Reached skill level 15 in Fighting
  7777 | D:11     | Reached **** piety under Makhleb
  7814 | D:11     | Paralysed by a hornet for 3 turns
  7823 | D:11     | Paralysed by a hornet for 1 turns
  7825 | D:11     | Reached skill level 1 in Evocations
  8691 | D:11     | Noticed a six-headed hydra
  8700 | D:11     | Killed a six-headed hydra
  9003 | D:12     | Noticed a white ugly thing
  9016 | D:12     | Killed a cyan ugly thing
  9158 | D:12     | Found a staircase to the Orcish Mines.
  9189 | D:12     | Reached ***** piety under Makhleb
  9250 | D:12     | Paralysed by a hornet for 1 turns
 10093 | Orc:1    | Entered Level 1 of the Orcish Mines
 10093 | Orc:1    | Noticed an orc sorcerer
 10103 | Orc:1    | Killed an orc sorcerer
 10107 | Orc:1    | Reached skill level 16 in Fighting
 10377 | Orc:1    | Noticed Fannar
 10584 | Orc:1    | Killed Fannar
 10879 | Orc:2    | Entered Level 2 of the Orcish Mines
 10889 | Orc:2    | Noticed Sonja
 10932 | Orc:2    | Reached XP level 12. HP: 39/121 MP: 14/14
 11473 | Orc:2    | Reached skill level 5 in Evocations
 11523 | Orc:2    | Found a staircase to the Elven Halls.
 12236 | Orc:2    | Noticed an orc high priest
 12247 | Orc:2    | Killed an orc high priest
 12247 | Orc:2    | Reached skill level 10 in Armour
 12254 | Orc:2    | Noticed an orc high priest
 12364 | Orc:2    | Noticed an orc high priest
 12370 | Orc:2    | Paralysed by an orc sorcerer for 2 turns
 12383 | Orc:2    | Killed an orc high priest
 12570 | Orc:2    | Killed an orc high priest
 12642 | Orc:2    | Reached skill level 17 in Fighting
 12789 | Orc:2    | Found Qiwnyuho's Magic Scroll Shop.
 12789 | Orc:2    | Found Dokk's Jewellery Emporium.
 12791 | Orc:2    | Found Pabbe's Armour Shop.
 12791 | Orc:2    | Found Hetag's Jewellery Emporium.
 12797 | Orc:2    | Bought a scroll of enchant armour for 105 gold pieces
 12797 | Orc:2    | Bought a scroll of recharging for 133 gold pieces
 13025 | Orc:2    | Noticed an orc high priest
 13046 | Orc:2    | Noticed an orc warlord
 13582 | Orc:2    | Killed an orc high priest
 13654 | Orc:2    | Cast into level 1 of the Abyss (Sonja)
 13791 | Abyss:1  | Noticed a bone dragon
 13884 | Abyss:1  | Noticed a hell hog
 13893 | Abyss:1  | HP: 4/125 [hell hog/fireball (42)]
 13894 | Abyss:1  | Mangled by a hell hog

Skill      XL: |  1  2  3  4  5  6  7  8  9 10 11 12 |
---------------+-------------------------------------+-----
Fighting       | 4 5 8 12 14 16 17 | 17.3
Axes           | 3 5 7 8 10 12 | 12.7
Armour         | 6 9 11 | 11.2
Evocations     | 4 5 |  5.1
Shields        | |  3.6

Action                   |  1- 3 |  4- 6 |  7- 9 | 10-12 || total
-------------------------+-------+-------+-------+-------++-------
Melee: War axe           |   107 |   156 |   238 |   557 ||  1058
       Headbutt          |     5 |    19 |    54 |   145 ||   223
       Great mace        |       |       |       |     9 ||     9
       Battleaxe         |       |       |       |    95 ||    95
Throw: Tomahawk          |       |       |       |     7 ||     7
Evoke: Wand              |       |       |     4 |     8 ||    12
  Use: Potion            |       |     1 |     9 |    12 ||    22
       Scroll            |       |       |       |     9 ||     9
 Stab: Invisible         |       |       |       |     4 ||     4
  Eat: Chunk             |     1 |     7 |     9 |    28 ||    45
       Fruit             |       |       |       |     2 ||     2
Armor: Scale mail        |    61 |    30 |       |       ||    91
       Chain mail        |       |    77 |   137 |   286 ||   500
       Skin              |       |       |    31 |       ||    31
       Plate armour      |       |       |       |   140 ||   140
Dodge: Dodged            |    26 |    33 |    74 |   217 ||   350
Block: Shield            |    62 |    78 |   137 |   114 ||   391
